[ AOE2 MATCH · #505751634 ]
UnrankedTeutons vs Celts
Player's team · WIN
Rival team · LOSS
[ REPLAY ANALYSIS · EXTRACTED FROM THE RECORDED GAME ]
Feudal
10:09
Castle
—
Imperial
—
| APM avg | 138.0 |
| APM peak | 212 |
| eAPM avg | 75.1 |
| Villagers / military | 36 / 16 |
Focus
⚔️ 74.6% · 🌾 25.4%
Skirmisher ×7 · Archer ×5 · Militia ×3 · Spearman ×1
Feudal
9:16
Castle
—
Imperial
—
| APM avg | 59.2 |
| APM peak | 99 |
| eAPM avg | 21.8 |
| Villagers / military | 32 / 13 |
Focus
⚔️ 33.3% · 🌾 66.7%
Archer ×9 · Skirmisher ×4
Match map
Initial resources + every placement click. Lines = walls · curves = elevation contours. ◆ gold · ⬟ stone · ● berries · ✦ relic · ◌ wall gap
Your base· ✓ Closed at 12:00 · 32t walls · no gate
Nobody's base· Open — opponent sealed themselves in
Smoothed initial terrain · ◌ = detected wall gap · hover for details
Inputs per minute
— DS_StonePleaseAoE - - Nobody
Build order — DS_StonePleaseAoE
110 actions detected in the replay
| 0:01 | Create | Villager (Male) |
| 0:01 | Create | Villager (Male) |
| 0:01 | Create | Villager (Male) |
| 0:02 | Create | Villager (Male) |
| 0:03 | Build | House |
| 0:05 | Build | House |
| 1:21 | Build | House |
| 1:38 | Create | Villager (Male) |
| 1:54 | Create | Villager (Male) |
| 2:20 | Create | Villager (Male) |
| 2:43 | Build | Barracks |
| 2:49 | Create | Villager (Male) |
| 3:05 | Build | Palisade Wall |
| 3:18 | Create | Villager (Male) |
| 3:26 | Build | House |
| 3:38 | Create | Militia |
| 3:41 | Create | Villager (Male) |
| 4:01 | Build | House |
| 4:07 | Create | Villager (Male) |
| 4:08 | Create | Militia |
| 4:36 | Create | Villager (Male) |
| 4:37 | Create | Militia |
| 4:59 | Create | Villager (Male) |
| 5:14 | Create | Villager (Male) |
| 5:42 | Create | Villager (Male) |
| 6:02 | Create | Villager (Male) |
| 6:06 | Build | Lumber Camp |
| 6:42 | Create | Villager (Male) |
| 7:06 | Create | Villager (Male) |
| 7:06 | Research | Loom |
| 7:12 | Build | Palisade Wall |
| 7:53 | Build | Lumber Camp |
| 7:59 | Research | Feudal Age |
| 8:30 | Build | Palisade Wall |
| 8:34 | Build | Palisade Wall |
| 8:57 | Build | Palisade Wall |
| 8:58 | Build | Palisade Wall |
| 9:02 | Build | Palisade Wall |
| 9:05 | Build | Mill |
| 9:28 | Create | Villager (Male) |
| 9:51 | Build | House |
| 10:01 | Build | House |
| 10:03 | Build | Palisade Wall |
| 10:04 | Build | Palisade Wall |
| 10:05 | Build | Palisade Wall |
| 10:09 | Age | Feudal Age |
| 10:30 | Create | Villager (Male) |
| 10:33 | Build | Archery Range |
| 10:40 | Build | Mining Camp |
| 10:41 | Create | Villager (Male) |
| 10:51 | Create | Spearman |
| 11:00 | Create | Villager (Male) |
| 11:00 | Create | Villager (Male) |
| 11:01 | Build | Farm |
| 11:02 | Build | Farm |
| 11:02 | Build | Farm |
| 11:03 | Build | Farm |
| 11:08 | Build | Palisade Wall |
| 11:20 | Create | Villager (Male) |
| 11:28 | Build | Farm |
| 11:46 | Research | Double-Bit Axe |
| 11:48 | Build | Farm |
| 11:58 | Build | House |
| 12:04 | Create | Villager (Male) |
| 12:11 | Create | Archer |
| 12:18 | Build | Farm |
| 12:26 | Create | Villager (Male) |
| 12:29 | Build | House |
| 12:32 | Create | Archer |
| 12:41 | Create | Villager (Male) |
| 13:02 | Create | Skirmisher |
| 13:07 | Build | House |
| 13:07 | Create | Villager (Male) |
| 13:18 | Build | Blacksmith |
| 13:35 | Build | Farm |
| 13:35 | Create | Villager (Male) |
| 13:42 | Create | Archer |
| 13:44 | Build | House |
| 13:46 | Create | Skirmisher |
| 13:52 | Research | Fletching |
| 13:54 | Build | Farm |
| 14:03 | Create | Villager (Male) |
| 14:14 | Create | Villager (Male) |
| 14:16 | Build | Farm |
| 14:22 | Build | House |
| 14:25 | Build | Palisade Wall |
| 14:30 | Create | Archer |
| 14:41 | Build | Lumber Camp |
| 14:46 | Research | Padded Archer Armor |
| 14:47 | Create | Villager (Male) |
| 14:48 | Create | Archer |
| 14:52 | Create | Skirmisher |
| 15:19 | Create | Villager (Male) |
| 15:20 | Create | Skirmisher |
| 15:20 | Create | Skirmisher |
| 15:36 | Build | House |
| 15:40 | Build | Palisade Gate |
| 15:43 | Build | Palisade Wall |
| 15:47 | Build | Farm |
| 15:48 | Create | Villager (Male) |
| 15:49 | Create | Skirmisher |
| 16:00 | Build | Farm |
| 16:11 | Research | Wheelbarrow |
| 16:33 | Build | Farm |
| 16:36 | Create | Villager (Male) |
| 16:37 | Build | Farm |
| 16:37 | Build | Farm |
| 16:37 | Build | Farm |
| 16:55 | Create | Skirmisher |
| 16:58 | Create | Villager (Male) |
Build order — Nobody
90 actions detected in the replay
| 0:00 | Create | Villager (Male) |
| 0:02 | Build | House |
| 0:03 | Build | House |
| 0:08 | Create | Villager (Male) |
| 0:08 | Create | Villager (Male) |
| 0:11 | Create | Villager (Male) |
| 1:26 | Create | Villager (Male) |
| 1:26 | Create | Villager (Male) |
| 1:51 | Create | Villager (Male) |
| 2:03 | Create | Villager (Male) |
| 2:03 | Create | Villager (Male) |
| 2:48 | Create | Villager (Male) |
| 2:55 | Build | Lumber Camp |
| 3:00 | Build | House |
| 3:07 | Create | Villager (Male) |
| 3:16 | Create | Villager (Male) |
| 4:00 | Create | Villager (Male) |
| 4:00 | Create | Villager (Male) |
| 4:24 | Create | Villager (Male) |
| 5:10 | Build | Barracks |
| 5:18 | Create | Villager (Male) |
| 5:36 | Build | House |
| 5:38 | Create | Villager (Male) |
| 6:12 | Create | Villager (Male) |
| 6:26 | Build | Palisade Wall |
| 6:28 | Build | Palisade Wall |
| 6:31 | Build | Palisade Wall |
| 6:41 | Research | Loom |
| 7:04 | Research | Feudal Age |
| 7:04 | Research | Feudal Age |
| 7:04 | Research | Feudal Age |
| 7:08 | Build | Mining Camp |
| 7:09 | Build | Palisade Wall |
| 7:14 | Build | Palisade Wall |
| 7:29 | Build | Palisade Wall |
| 7:54 | Build | Mill |
| 7:56 | Build | Palisade Wall |
| 8:22 | Build | Lumber Camp |
| 9:08 | Create | Villager (Male) |
| 9:13 | Build | House |
| 9:16 | Age | Feudal Age |
| 9:30 | Create | Villager (Male) |
| 9:41 | Build | House |
| 10:03 | Create | Villager (Male) |
| 10:06 | Build | Archery Range |
| 10:21 | Build | House |
| 10:48 | Build | Palisade Wall |
| 10:49 | Build | Palisade Wall |
| 10:49 | Create | Archer |
| 10:52 | Create | Archer |
| 10:53 | Create | Villager (Male) |
| 11:11 | Build | House |
| 11:23 | Build | Palisade Wall |
| 11:24 | Build | Palisade Wall |
| 11:28 | Build | Farm |
| 11:29 | Build | Farm |
| 11:30 | Create | Villager (Male) |
| 11:34 | Build | Palisade Wall |
| 11:54 | Build | Palisade Wall |
| 12:13 | Build | Blacksmith |
| 12:17 | Build | Palisade Wall |
| 12:19 | Create | Villager (Male) |
| 12:23 | Build | Farm |
| 12:26 | Create | Archer |
| 12:27 | Create | Archer |
| 12:56 | Build | Outpost |
| 13:04 | Research | Fletching |
| 13:08 | Build | Palisade Wall |
| 13:09 | Build | Palisade Wall |
| 13:22 | Build | Watch Tower |
| 13:32 | Create | Villager (Male) |
| 13:36 | Build | Farm |
| 14:07 | Create | Villager (Male) |
| 14:22 | Build | Archery Range |
| 14:23 | Create | Skirmisher |
| 14:36 | Create | Villager (Male) |
| 14:50 | Create | Archer |
| 14:51 | Create | Villager (Male) |
| 15:09 | Create | Skirmisher |
| 15:10 | Build | House |
| 15:27 | Create | Skirmisher |
| 15:29 | Create | Archer |
| 15:29 | Create | Archer |
| 15:34 | Create | Villager (Male) |
| 15:53 | Create | Archer |
| 15:53 | Create | Archer |
| 15:56 | Create | Villager (Male) |
| 16:39 | Create | Villager (Male) |
| 16:41 | Create | Skirmisher |
| 16:55 | Create | Villager (Male) |
Match timeline
| 2:43 | DS_StonePleaseAoE · first_building Barracks |
| 3:05 | DS_StonePleaseAoE · wall_segment Palisade Wall x1 |
| 5:10 | Nobody · first_building Barracks |
| 6:26 | Nobody · wall_segment Palisade Wall x1 |
| 6:28 | Nobody · wall_segment Palisade Wall x1 |
| 6:31 | Nobody · wall_segment Palisade Wall x1 |
| 7:09 | Nobody · wall_segment Palisade Wall x1 |
| 7:12 | DS_StonePleaseAoE · wall_segment Palisade Wall x7 |
| 7:14 | Nobody · wall_segment Palisade Wall x1 |
| 7:29 | Nobody · wall_segment Palisade Wall x2 |
| 7:56 | Nobody · wall_segment Palisade Wall x1 |
| 8:30 | DS_StonePleaseAoE · wall_segment Palisade Wall x3 |
| 8:34 | DS_StonePleaseAoE · wall_segment Palisade Wall x13 |
| 8:57 | DS_StonePleaseAoE · wall_segment Palisade Wall x1 |
| 8:58 | DS_StonePleaseAoE · wall_segment Palisade Wall x3 |
| 9:02 | DS_StonePleaseAoE · wall_segment Palisade Wall x2 |
| 9:16 | Nobody · age_up feudal |
| 10:03 | DS_StonePleaseAoE · wall_segment Palisade Wall x1 |
| 10:04 | DS_StonePleaseAoE · wall_segment Palisade Wall x1 |
| 10:05 | DS_StonePleaseAoE · wall_segment Palisade Wall x1 |
| 10:06 | Nobody · first_building Archery Range |
| 10:09 | DS_StonePleaseAoE · age_up feudal |
| 10:33 | DS_StonePleaseAoE · first_building Archery Range |
| 10:48 | Nobody · wall_segment Palisade Wall x1 |
| 10:49 | Nobody · wall_segment Palisade Wall x1 |
| 11:08 | DS_StonePleaseAoE · wall_segment Palisade Wall x1 |
| 11:23 | Nobody · wall_segment Palisade Wall x1 |
| 11:24 | Nobody · wall_segment Palisade Wall x1 |
| 11:34 | Nobody · wall_segment Palisade Wall x1 |
| 11:54 | Nobody · wall_segment Palisade Wall x1 |
| 12:17 | Nobody · wall_segment Palisade Wall x2 |
| 13:08 | Nobody · wall_segment Palisade Wall x1 |
| 13:09 | Nobody · wall_segment Palisade Wall x1 |
| 14:25 | DS_StonePleaseAoE · wall_segment Palisade Wall x1 |
| 15:43 | DS_StonePleaseAoE · wall_segment Palisade Wall x1 |
| 17:26 | Nobody · resign |
[ AI ANALYSIS · 1 CREDIT ]
What really happened in this match?
Wolo.gg analyzes every decision: build order, eco, micro, common mistakes by bracket. Personalized analysis on WhatsApp or Discord in 30 seconds.
Civ guide
Teutons
Perfil
Jugador #339835